[Event "Early-Titled-Tuesday-Blitz-October-24-2023"]
[Site "Chess.com"]
[Date "2023.10.24"]
[Round "1"]
[White "LionKing2367890"]
[Black "MokshAD1603"]
[Result "0-1"]
[WhiteElo "2277"]
[BlackElo "2603"]
[TimeControl "180+1"]
[EndTime "8:02:17 PDT"]
[Termination "MokshAD1603 won by checkmate"]

1. e4 c5 2. Nf3 e6 3. d4 cxd4 4.
Nxd4 Nc6 5. c4 Nf6 6. Nc3 Bb4 7.
Nxc6 bxc6 8. Bd3 O-O 9. O-O e5 10. h3 d6 11. Ne2 Bb7 12. Be3 Ba5 13. Rb1 d5 14. cxd5 cxd5 15. exd5 Qxd5 16. f3 Rfd8 17.
Be4 Nxe4 18. fxe4 Qxe4 19. Qb3 Qxg2# 0-1

[Event "Early-Titled-Tuesday-Blitz-October-24-2023"]
[Site "Chess.com"]
[Date "2023.10.24"]
[Round "1"]
[White "Let_it_be_1"]
[Black "milovichalex"]
[Result "0-1"]
[WhiteElo "2603"]
[BlackElo "2320"]
[TimeControl "180+1"]
[EndTime "8:02:34 PDT"]
[Termination "milovichalex won by resignation"]

1. e4 e5 2. Nf3 Nc6 3. Bb5 a6 4. Ba4 Nf6 5. d4 exd4 6. O-O Be7 7. e5 Ne4 8. Nxd4 Nc5 9. Nf5 O-O 10. Qg4 Ne6 11.
Qg3 Ncd4 12. Nxe7+ Qxe7 13. c3 Ne2+ 0-1

[Event "Early-Titled-Tuesday-Blitz-October-24-2023"]
[Site "Chess.com"]
[Date "2023.10.24"]
[Round "1"]
[White "Meri-Arabidze"]
[Black "Verony64"]
[Result "1-0"]
[WhiteElo "2561"]
[BlackElo "2188"]
[TimeControl "180+1"]
[EndTime "8:02:36 PDT"]
[Termination "Meri-Arabidze won by checkmate"]

1. Nf3 d6 2. c4 e5 3. g3 f5 4. Bg2 Nf6 5. d3 Be7 6. O-O O-O 7. b4 c6 8. Bb2 Nbd7 9. Nc3 Qc7 10. a4 Ng4 11.
Qb3 Kh8 12. Rac1 Ndf6 13. e3 Be6 14. d4 e4 15. Ng5 Bg8 16. h3 Nh6 17. d5 Nxd5 18.
Nxd5 cxd5 19. cxd5 Qd7 20. Ne6 Rfc8 21. Bxg7# 1-0

[Event "Early-Titled-Tuesday-Blitz-October-24-2023"]
[Site "Chess.com"]
[Date "2023.10.24"]
[Round "1"]
[White "schack_vit"]
[Black "BardArtem"]
[Result "0-1"]
[WhiteElo "2382"]
[BlackElo "2700"]
[TimeControl "180+1"]
[EndTime "8:02:47 PDT"]
[Termination "BardArtem won by resignation"]

1. c4 e6 2. g3 d5 3. Bg2 Nf6 4. Nf3 Nbd7 5. O-O c6 6. b3 Bd6 7.
d4 O-O 8. Nc3 b6 9. Qc2 Bb7 10.
Rd1 Rc8 11. e4 Nxe4 12. Nxe4 dxe4 13. Qxe4 Nf6 14. Qh4 h6 15. Ne5 Bxe5 16. Bxh6 Bd6 17.
Bg5 Be7 18. d5 cxd5 0-1

[Event "Early-Titled-Tuesday-Blitz-October-24-2023"]
[Site "Chess.com"]
[Date "2023.10.24"]
[Round "1"]
[White "OparinGrigoriy"]
[Black "rdarruda"]
[Result "1-0"]
[WhiteElo "2978"]
[BlackElo "2508"]
[TimeControl "180+1"]
[EndTime "8:02:49 PDT"]
[Termination "OparinGrigoriy won by resignation"]

1. c4 e5 2. Nc3 Nf6 3. Nf3 Nc6 4. g3 Be7 5. Bg2 O-O 6. O-O d6 7. d4 exd4 8. Nxd4 Bd7 9. b3 a6 10. Bb2 Rb8 11. Qd3 Re8 12. Rad1 Bf8 13. Rfe1 Ne5 14. Qc2 c5 15. Nf5 Bc6 16. Nd5 Nxd5 17. Bxd5 Bxd5 18. Rxd5 g6 19. Nxd6 Nf3+ 20. Kf1 Nxe1 21. Qc3 f6 22. Nxe8 Qxe8 23. Qxf6 Nc2 24. Qh8+ Kf7 25. Qxh7+ Ke6 26. Re5+ 1-0

[Event "Early-Titled-Tuesday-Blitz-October-24-2023"]
[Site "Chess.com"]
[Date "2023.10.24"]
[Round "1"]
[White "dianamirza"]
[Black "N18player"]
[Result "1-0"]
[WhiteElo "2026"]
[BlackElo "2505"]
[TimeControl "180+1"]
[EndTime "8:03:07 PDT"]
[Termination "dianamirza won by resignation"]

1. d4 e6 2. Nf3 d5 3. e3 c5 4. b3 Nc6 5. Bb2 cxd4 6. exd4 Nf6 7. Bd3 Bd6 8. a3 O-O 9. O-O a6 10. Ne5 Qc7 11. f4 Ne4 12. Nd2 f6 13. Bxe4 dxe4 14. Nxc6 Qxc6 15. c4 b5 16. Qe2 Bb7 17. Rae1 f5 18. Qf2 Rad8 19. Qg3 Rf7 20. a4 Bb4 21. Re2 bxa4 22. bxa4 Bxd2 23. Rxd2 Qxc4 24. Rc1 Qc5 25.
Rxc5 1-0

[Event "Early-Titled-Tuesday-Blitz-October-24-2023"]
[Site "Chess.com"]
[Date "2023.10.24"]
[Round "1"]
[White "Actuary44"]
[Black "IlyaGrigorjev"]
[Result "0-1"]
[WhiteElo "2499"]
[BlackElo "2934"]
[TimeControl "180+1"]
[EndTime "8:03:17 PDT"]
[Termination "IlyaGrigorjev won by checkmate"]

1. e4 e5 2. Nf3 Nc6 3. Bb5 a6 4. Ba4 f5 5. exf5 e4 6. Bxc6 dxc6 7. Ne5 Nf6 8. d4 exd3 9. Qxd3 Qxd3 10. Nxd3 Bxf5 11.
Bg5 O-O-O 12. Bxf6 gxf6 13. Ke2 Bh6 14. Rd1 Rhe8+ 15. Kf1 c5 16. Nc3 c4 17. Nb4 c6 18.
Ne2 a5 19. Nd4 Bg6 20. Nbxc6 bxc6 21. Nxc6 Rxd1+ 22. Rxd1 Bxc2 23. Rd6 Bd3+ 24. Kg1 Re1# 0-1

[Event "Early-Titled-Tuesday-Blitz-October-24-2023"]
[Site "Chess.com"]
[Date "2023.10.24"]
[Round "1"]
[White "marcodobrikov"]
[Black "UK_23"]
[Result "0-1"]
[WhiteElo "2691"]
[BlackElo "2403"]
[TimeControl "180+1"]
[EndTime "8:03:23 PDT"]
[Termination "UK_23 won by resignation"]

1. Nc3 e5 2. e4 Nf6 3. Nf3 Nc6 4.
Bb5 Bd6 5. O-O h6 6. d3 O-O 7. h3 Re8 8. Be3 Bf8 9. Qd2 d5 10. exd5 Nxd5 11. Bxc6 bxc6 12. Rfe1 Rb8 13. Rab1 Nxe3 14.
Rxe3 Bd6 15. d4 exd4 16. Nxd4 Bd7 17. Ne4 Bf4 18. Qd3 Bxe3 19. Qxe3 f5 20. f3 fxe4 21.
fxe4 Qg5 22. Qd3 Rbd8 23. Nf3 Qc5+ 24. Kh1 Bxh3 25. Qb3+ Be6 26. Qa4 Bg4 0-1

[Event "Early-Titled-Tuesday-Blitz-October-24-2023"]
[Site "Chess.com"]
[Date "2023.10.24"]
[Round "1"]
[White "ozates"]
[Black "leandrojimenez"]
[Result "1-0"]
[WhiteElo "2723"]
[BlackElo "2398"]
[TimeControl "180+1"]
[EndTime "8:03:32 PDT"]
[Termination "ozates won by checkmate"]

1. e4 e5 2. Nc3 Nc6 3. g3 Nf6 4. Bg2 Bb4 5. Nge2 d6 6. O-O O-O 7. d3 Nd4 8. h3 Nxe2+ 9. Qxe2 c6 10. f4 Re8 11. f5 d5 12. g4 Qa5 13. g5 Nd7 14. g6 hxg6 15. fxg6 fxg6 16. exd5 Bxc3 17.
bxc3 Qxc3 18. Bd2 Qxc2 19. Rac1 Qxa2 20. dxc6 bxc6 21. Bxc6 Rb8 22. Rc4 Rf8 23. Bd5+ Kh7 24. Rh4# 1-0

[Event "Early-Titled-Tuesday-Blitz-October-24-2023"]
[Site "Chess.com"]
[Date "2023.10.24"]
[Round "1"]
[White "Daffidollchess2"]
[Black "rocket10jan"]
[Result "1-0"]
[WhiteElo "2702"]
[BlackElo "2384"]
[TimeControl "180+1"]
[EndTime "8:03:32 PDT"]
[Termination "Daffidollchess2 won by resignation"]

1. e4 c6 2. Nc3 d5 3. Nf3 dxe4 4. Nxe4 Nf6 5. Nxf6+ exf6 6. h3 Bd6 7. d4 O-O 8.
Bd3 Re8+ 9. Be3 Nd7 10. O-O Nf8 11. c4 Ng6 12. Qd2 Qc7 13. Rfe1 Bd7 14. Rad1 f5 15.
d5 f4 16. Bd4 c5 17. Bc3 Ne5 18. Nxe5 Bxe5 19. Rxe5 Rxe5 20. d6 1-0

[Event "Early-Titled-Tuesday-Blitz-October-24-2023"]
[Site "Chess.com"]
[Date "2023.10.24"]
[Round "1"]
[White "Nitzan_Steinberg"]
[Black "CarlosjPineror"]
[Result "1-0"]
[WhiteElo "2874"]
[BlackElo "2477"]
[TimeControl "180+1"]
[EndTime "8:03:44 PDT"]
[Termination "Nitzan_Steinberg won by resignation"]

1. Nf3 c5 2. e4 Nf6 3. e5 Nd5 4. Nc3 Nxc3 5. dxc3 d5 6. exd6 Qxd6 7. Qxd6 exd6 8. Bf4 Be6 9. O-O-O d5 10. Bb5+ Nc6 11.
Ne5 Rc8 12. Nxc6 bxc6 13. Ba6 Rd8 14. Rhe1 Bd6 15. Bxd6 Rxd6 16. f4 Kd8 17. Be2 h5 18. h3 h4 19. Bf3 Bf5 20. Re5 g6 21. c4 f6 22. Re3 d4 23. Ra3 Rh7 24. Ra5 Rhd7 25.
Rxc5 Kc7 26. b4 Kb6 27. Rxf5 1-0

[Event "Early-Titled-Tuesday-Blitz-October-24-2023"]
[Site "Chess.com"]
[Date "2023.10.24"]
[Round "1"]
[White "Aswathchess"]
[Black "Adnan_Habib"]
[Result "1-0"]
[WhiteElo "2637"]
[BlackElo "2323"]
[TimeControl "180+1"]
[EndTime "8:03:53 PDT"]
[Termination "Aswathchess won by checkmate"]

1. d4 Nf6 2. c4 g6 3. g3 Bg7 4. Bg2 O-O 5. Nc3 d6 6. Nf3 Nbd7 7. O-O e5 8. e4 exd4 9. Nxd4 Re8 10. h3 a6 11. Re1 Rb8 12. b3 c5 13. Nc2 b5 14. Qxd6 b4 15. Na4 Bf8 16. Qd1 Ne5 17. Bb2 Nd3 18. Bxf6 Qxf6 19. Qxd3 Bb7 20. Ne3 Rbd8 21. Nd5 Qc6 22. Rad1 Bg7 23. Ne7+ Rxe7 24. Qxd8+ Bf8 25. Qb6 Qxb6 26. Nxb6 Kg7 27. Nd5 Rd7 28. Nf6 Rxd1 29. Ne8+ Kg8 30. Rxd1 Be7 31. Rd7 Kf8 32. Rxb7 Kxe8 33. e5 Kd8 34. Bc6 Bg5 35. Rxf7 h5 36. e6 Kc8 37. h4 Bd8 38. Rd7 Bf6 39. f4 a5 40. Kg2 a4 41. bxa4 Bd4 42. e7 Bf6 43. e8=Q+ Bd8 44. Qxd8# 1-0

[Event "Early-Titled-Tuesday-Blitz-October-24-2023"]
[Site "Chess.com"]
[Date "2023.10.24"]
[Round "1"]
[White "cristiano78"]
[Black "gau248"]
[Result "0-1"]
[WhiteElo "2248"]
[BlackElo "2581"]
[TimeControl "180+1"]
[EndTime "8:04:02 PDT"]
[Termination "gau248 won by resignation"]

1. d4 Nf6 2. Nf3 g6 3. c4 Bg7 4. Nc3 d6 5. e4 O-O 6. Be2 Nbd7 7. O-O e5 8. Be3 exd4 9. Nxd4 Nc5 10. f3 Ne6 11.
Rc1 a6 12. b4 Bd7 13. a4 b6 14. Nd5 c5 15. Nxf6+ Qxf6 16. Nxe6 Qxe6 17. Qb3 Rfc8 18. a5 b5 19. bxc5 dxc5 20. Rfd1 b4 21. Rd5 Bf8 22. Rcd1 Be8 23. Qb2 Rab8 24. Qc1 b3 25. Bh6 b2 0-1

[Event "Early-Titled-Tuesday-Blitz-October-24-2023"]
[Site "Chess.com"]
[Date "2023.10.24"]
[Round "1"]
[White "Iball95"]
[Black "brunomorado"]
[Result "1-0"]
[WhiteElo "2823"]
[BlackElo "2455"]
[TimeControl "180+1"]
[EndTime "8:04:05 PDT"]
[Termination "Iball95 won by resignation"]

1. e4 c5 2. Nf3 Nc6 3. Nc3 d6 4. Bb5 Bd7 5. Bxc6 Bxc6 6. d4 cxd4 7. Qxd4 Nf6 8. Bg5 e5 9. Qd3 Be7 10. O-O-O Rc8 11. Bxf6 Bxf6 12. Qxd6 Qxd6 13. Rxd6 Be7 14.
Rd3 f6 15. Rhd1 Kf7 16. Nd5 Bc5 17. R1d2 a5 18. Kb1 a4 19. a3 g5 20. c4 b5 21.
cxb5 Bxb5 22. Rc3 Ba7 23. Nc7 Bf1 24. Rd7+ Kg6 25. g4 Bxf2 26. Nxe5+ 1-0

[Event "Early-Titled-Tuesday-Blitz-October-24-2023"]
[Site "Chess.com"]
[Date "2023.10.24"]
[Round "1"]
[White "Sanyura"]
[Black "HanSchut"]
[Result "1-0"]
[WhiteElo "2593"]
[BlackElo "2268"]
[TimeControl "180+1"]
[EndTime "8:04:06 PDT"]
[Termination "Sanyura won by checkmate"]

1. Nf3 Nf6 2. g3 g6 3. Bg2 Bg7 4. O-O O-O 5. d4 d5 6. c4 dxc4 7. Nc3 c6 8. e4 b5 9. e5 Nd5 10. a4 Nxc3 11. bxc3 Bb7 12. Ng5 a6 13. Qg4 Qd7 14.
Qh4 h6 15. Ne4 h5 16. Nc5 Qc8 17. g4 hxg4 18. h3 Nd7 19. Nxb7 Qxb7 20. hxg4 e6 21. Be4 Qc7 22. Kg2 Qd8 23. Bg5 f6 24. Bxg6 fxg5 25.
Qh7# 1-0

[Event "Early-Titled-Tuesday-Blitz-October-24-2023"]
[Site "Chess.com"]
[Date "2023.10.24"]
[Round "1"]
[White "marik_spb"]
[Black "scarabee43"]
[Result "0-1"]
[WhiteElo "2437"]
[BlackElo "2800"]
[TimeControl "180+1"]
[EndTime "8:04:13 PDT"]
[Termination "scarabee43 won on time"]

1. d3 d5 2. e4 e6 3. Nf3 c5 4. Be2 Nc6 5. O-O Nf6 6. Nbd2 Be7 7. c4 dxe4 8. Nxe4 O-O 9. Be3 b6 10. a3 Bb7 11. Qc2 Rc8 0-1

[Event "Early-Titled-Tuesday-Blitz-October-24-2023"]
[Site "Chess.com"]
[Date "2023.10.24"]
[Round "1"]
[White "Lennis93"]
[Black "szachmistrz2500"]
[Result "1-0"]
[WhiteElo "2755"]
[BlackElo "2406"]
[TimeControl "180+1"]
[EndTime "8:04:13 PDT"]
[Termination "Lennis93 won by resignation"]

1. Nf3 c5 2. g3 g6 3. Bg2 Bg7 4. O-O Nc6 5. e4 e5 6. c3 Nge7 7. d4 exd4 8. cxd4 cxd4 9. Bf4 d5 10. e5 O-O 11. Na3 Qb6 12. Qb3 Qxb3 13. axb3 a6 14.
Nb5 Bg4 15. Nbxd4 Rfe8 16. Rfe1 Rad8 17. Bg5 h6 18. Nxc6 bxc6 19. Bxe7 Rxe7 20. Rxa6 Bxf3 21. Bxf3 Rb8 22. Rxc6 Rxe5 23. Rxe5 Bxe5 24. Bxd5 Bxb2 25. Rxg6+ Kf8 26. Rxh6 Bg7 27. Rh5 Rb5 28. Bxf7 1-0

[Event "Early-Titled-Tuesday-Blitz-October-24-2023"]
[Site "Chess.com"]
[Date "2023.10.24"]
[Round "1"]
[White "Kildepiotr"]
[Black "crosky"]
[Result "1-0"]
[WhiteElo "2657"]
[BlackElo "2346"]
[TimeControl "180+1"]
[EndTime "8:04:17 PDT"]
[Termination "Kildepiotr won by resignation"]

1. Nf3 Nf6 2. g3 b5 3. Bg2 Bb7 4. O-O c5 5. d3 e6 6. e4 d6 7. a4 b4 8. Nbd2 Be7 9. b3 O-O 10.
Bb2 Nbd7 11. Nc4 Qc7 12. e5 dxe5 13. Nfxe5 Bxg2 14. Kxg2 Nxe5 15. Bxe5 Qc6+ 16. Kg1 Nd5 17. Qf3 Rac8 18. Rae1 Bf6 19. Qg4 Bxe5 20. Rxe5 Nf6 21.
Qe2 Rcd8 22. f4 Rd5 23. Re1 Rxe5 24. Qxe5 h6 25. Qd6 Qxd6 26. Nxd6 Rd8 27. Nb7 Rd5 28. Na5 Nd7 29. Nc6 a6 30. Ne7+ 1-0

[Event "Early-Titled-Tuesday-Blitz-October-24-2023"]
[Site "Chess.com"]
[Date "2023.10.24"]
[Round "1"]
[White "kreonx"]
[Black "artin10862"]
[Result "0-1"]
[WhiteElo "2486"]
[BlackElo "2881"]
[TimeControl "180+1"]
[EndTime "8:04:20 PDT"]
[Termination "artin10862 won by resignation"]

1. e4 e5 2. Nf3 Nc6 3. d4 exd4 4. Nxd4 Nf6 5. Nxc6 bxc6 6. e5 Qe7 7. Qe2 Nd5 8. c4 Ba6 9. b3 d6 10. exd6 cxd6 11. Qxe7+ Nxe7 12. Bb2 c5 13. Bd3 Nc6 14. Be4 Bb7 15. Nc3 O-O-O 16. O-O-O Be7 17. Nd5 f6 18. Nxe7+ Nxe7 19. Bxb7+ Kxb7 20. Rhe1 Nc6 21. Re2 Kc7 22. Rde1 Kd7 23. Bc3 h5 24. h4 Rh6 25. g3 Rg6 26. Kd2 Ne5 27. Bxe5 dxe5 28. Ke3 Rg4 29. Rd2+ Rd4 30.
Rxd4+ cxd4+ 31. Kd3 Ke6 32. f4 Kf5 33. fxe5 fxe5 34. Rf1+ Kg4 35. Ke4 Kxg3 36. Rg1+ Kxh4 37. Rxg7 d3 38. Rg1 d2 39. Rd1 Kg3 40. c5 Kf2 41. c6 Ke2 42. c7 Rc8 43. Rxd2+ Kxd2 0-1

[Event "Early-Titled-Tuesday-Blitz-October-24-2023"]
[Site "Chess.com"]
[Date "2023.10.24"]
[Round "1"]
[White "kleinebeer98"]
[Black "Eloist"]
[Result "1-0"]
[WhiteElo "2835"]
[BlackElo "2462"]
[TimeControl "180+1"]
[EndTime "8:04:23 PDT"]
[Termination "kleinebeer98 won by resignation"]

1. e4 e6 2. c4 d5 3. cxd5 exd5 4. Qb3 dxe4 5. Nc3 Nf6 6. Bc4 Qe7 7. d3 Nbd7 8. Be3 Ne5 9. O-O-O Qb4 10. Qc2 Bg4 11. Nge2 O-O-O 12. Bg5 exd3 13. Bxd3 Nxd3+ 14. Rxd3 Rxd3 15.
Qxd3 Be7 16. f3 Rd8 17. Qc2 Bh5 18. Bxf6 Bxf6 19. Qf5+ Kb8 20. Qxh5 Bxc3 21. Nxc3 Qf4+ 22. Kb1 Rd2 23. Re1 1-0

[Event "Early-Titled-Tuesday-Blitz-October-24-2023"]
[Site "Chess.com"]
[Date "2023.10.24"]
[Round "1"]
[White "Boninknights"]
[Black "GatoRojo150"]
[Result "1/2-1/2"]
[WhiteElo "2287"]
[BlackElo "2595"]
[TimeControl "180+1"]
[EndTime "8:04:24 PDT"]
[Termination "Game drawn by repetition"]

1. d4 d5 2. Nf3 Nf6 3. c4 dxc4 4.
e3 Bg4 5. Bxc4 e6 6. O-O Nc6 7. Nbd2 Bd6 8. Be2 O-O 9. Nc4 Nd5 10. Nfe5 Bxe2 11. Qxe2 Bxe5 12. Nxe5 f5 13. Nxc6 bxc6 14. Bd2 Rb8 15. b3 Qf6 16. Rac1 Rb6 17. Rc5 f4 18.
exf4 Qxd4 19. Qxe6+ Kh8 20. Be3 Qd3 21. Rxc6 Rxc6 22.
Qxc6 Nxe3 23. fxe3 Qxe3+ 24. Kh1 Qe2 25. Kg1 Qe3+ 26.
Kh1 Qe2 27. Kg1 Qe3+ 1/2-1/2

[Event "Early-Titled-Tuesday-Blitz-October-24-2023"]
[Site "Chess.com"]
[Date "2023.10.24"]
[Round "1"]
[White "whitemirrorninja"]
[Black "ideika"]
[Result "1-0"]
[WhiteElo "2574"]
[BlackElo "2207"]
[TimeControl "180+1"]
[EndTime "8:04:24 PDT"]
[Termination "whitemirrorninja won by resignation"]

1. b3 d5 2. Bb2 Nf6 3. e3 Nc6 4. Nf3 Bg4 5. Bb5 Qd6 6. h3 Bh5 7. g4 Bg6 8. Ne5 Ne4 9. f3 Qf6 10. fxe4 Qh4+ 11. Ke2 Bxe4 12. Nxc6 bxc6 13. Bxc6+ Kd8 14.
Qe1 Qf6 15. Bxf6 1-0

[Event "Early-Titled-Tuesday-Blitz-October-24-2023"]
[Site "Chess.com"]
[Date "2023.10.24"]
[Round "1"]
[White "AlexandraSamaganova"]
[Black "Agibileg"]
[Result "0-1"]
[WhiteElo "2337"]
[BlackElo "2655"]
[TimeControl "180+1"]
[EndTime "8:04:25 PDT"]
[Termination "Agibileg won by resignation"]

1. c4 e6 2. Nc3 Bb4 3. Qc2 Nf6 4.
Nf3 d5 5. e3 c5 6. d4 Nc6 7.
cxd5 exd5 8. Bd2 cxd4 9. exd4 O-O 10. O-O-O Bg4 11. Bd3 Bxf3 12. gxf3 Nxd4 13. Qa4 Qa5 14.
Qxa5 Bxa5 15. f4 Rac8 16. Kb1 Nf3 17. Bf5 Nxd2+ 18. Rxd2 Bxc3 19. bxc3 Rxc3 20. Kb2 Rc4 21. Rg1 g6 22. Bd3 Rxf4 23. Bb5 Rb4+ 0-1

[Event "Early-Titled-Tuesday-Blitz-October-24-2023"]
[Site "Chess.com"]
[Date "2023.10.24"]
[Round "1"]
[White "pankajfm"]
[Black "fen_fire"]
[Result "0-1"]
[WhiteElo "2178"]
[BlackElo "2560"]
[TimeControl "180+1"]
[EndTime "8:04:26 PDT"]
[Termination "fen_fire won by resignation"]

1. e4 c6 2. d4 d5 3. exd5 cxd5 4. Bd3 Nf6 5. c3 Nc6 6. Nf3 Bg4 7. Qb3 Bxf3 8. Qxb7 Bg4 9. Qxc6+ Bd7 10. Qa6 e6 11. Bf4 Be7 12. Nd2 O-O 13. h3 Nh5 14. Bh2 Bg5 15. Nf3 Nf4 16. Bf1 Rb8 17. Qd6 Rb6 18.
Qe5 f6 19. Bxf4 fxe5 20. Bxg5 Qc8 21. Nxe5 Rxb2 22. Rc1 Rfxf2 23. Be3 Rfc2 0-1

[Event "Early-Titled-Tuesday-Blitz-October-24-2023"]
[Site "Chess.com"]
[Date "2023.10.24"]
[Round "1"]
[White "svilson23"]
[Black "dimitrisl"]
[Result "1-0"]
[WhiteElo "2269"]
[BlackElo "2570"]
[TimeControl "180+1"]
[EndTime "8:04:28 PDT"]
[Termination "svilson23 won on time"]

1. d4 Nf6 2. Bg5 e6 3. e4 h6 4. Bxf6 Qxf6 5. c3 d6 6. Bd3 Qd8 7. Ne2 Nd7 8. O-O Be7 9. f4 O-O 10.
Nd2 e5 11. Nf3 Bf6 12. f5 exd4 13. cxd4 c5 14. Kh1 cxd4 15. Nexd4 1-0

[Event "Early-Titled-Tuesday-Blitz-October-24-2023"]
[Site "Chess.com"]
[Date "2023.10.24"]
[Round "1"]
[White "DanielTitichoca"]
[Black "johnmez"]
[Result "1-0"]
[WhiteElo "2615"]
[BlackElo "2287"]
[TimeControl "180+1"]
[EndTime "8:04:29 PDT"]
[Termination "DanielTitichoca won by resignation"]

1. e4 e6 2. d3 d5 3. Nd2 Nc6 4. Ngf3 Nf6 5. c3 dxe4 6. dxe4 e5 7. Bc4 Bc5 8. Qe2 a5 9. h3 O-O 10. Nf1 Qe7 11. g4 Be6 12. Ng3 Bxc4 13. Qxc4 Nd7 14.
Nf5 Qe6 15. Qe2 Nb6 16. Be3 Bxe3 17. Nxe3 a4 18. O-O Na5 19. Rfd1 Rfd8 20. Qb5 Nac4 21. Nxc4 Nxc4 22. Qxb7 Rdb8 23. Qxc7 Rxb2 24. Rd8+ 1-0

[Event "Early-Titled-Tuesday-Blitz-October-24-2023"]
[Site "Chess.com"]
[Date "2023.10.24"]
[Round "1"]
[White "surrenderPLS"]
[Black "igorkovalenko"]
[Result "0-1"]
[WhiteElo "2505"]
[BlackElo "2971"]
[TimeControl "180+1"]
[EndTime "8:04:34 PDT"]
[Termination "igorkovalenko won by resignation"]

1. e4 c5 2. Nf3 Nc6 3. Nc3 e6 4. d4 cxd4 5. Nxd4 Nf6 6. Nxc6 bxc6 7. e5 Nd5 8. Ne4 Bb7 9. Be2 c5 10. O-O Qc7 11. Nd6+ Bxd6 12. exd6 Qc6 13. f3 Nb6 14. b3 O-O 15. Bb2 Nc8 16. Qd2 Nxd6 17. Rad1 Nf5 18. Qxd7 Ne3 19. Qxc6 Bxc6 20. Rd6 Nxf1 21. Rxc6 Ne3 22. Rxc5 Rfd8 23. Bd3 Nd5 24. g3 Nb4 25.
Be4 Rac8 26. Rxc8 Rxc8 27. Bd4 f5 28. Bd3 Nxd3 29. cxd3 a6 30. a4 Rd8 31. Bc5 Rxd3 32. b4 Rxf3 33. Kg2 Ra3 34. b5 Rxa4 35. b6 Ra5 36.
Bd6 Rb5 37. Bc7 a5 38. b7 Rxb7 39. Bxa5 Kf7 0-1

[Event "Early-Titled-Tuesday-Blitz-October-24-2023"]
[Site "Chess.com"]
[Date "2023.10.24"]
[Round "1"]
[White "stasOR4ik"]
[Black "Rodalquilar"]
[Result "0-1"]
[WhiteElo "2418"]
[BlackElo "2769"]
[TimeControl "180+1"]
[EndTime "8:04:36 PDT"]
[Termination "Rodalquilar won by resignation"]

1. e4 d5 2. exd5 Qxd5 3. Nf3 Bg4 4. Be2 Nc6 5. d4 O-O-O 6. c3 e5 7. dxe5 Qxd1+ 8.
Bxd1 Nxe5 9. Nbd2 Nd3+ 10. Kf1 Nf6 11. h3 Bc5 12. hxg4 Nxf2 13. g5 Nxh1 14. gxf6 Ng3+ 15. Ke1 Rhe8+ 16. Be2 Rxe2+ 17. Kd1 gxf6 18. a4 Rxg2 19. b4 Be3 20. a5 Ne4 21. Ra2 Nxc3+ 0-1

[Event "Early-Titled-Tuesday-Blitz-October-24-2023"]
[Site "Chess.com"]
[Date "2023.10.24"]
[Round "1"]
[White "OK97"]
[Black "Lion_DL"]
[Result "1-0"]
[WhiteElo "2783"]
[BlackElo "2426"]
[TimeControl "180+1"]
[EndTime "8:04:40 PDT"]
[Termination "OK97 won by resignation"]

1. d4 Nf6 2. Nf3 e6 3. e3 b6 4. Bd3 Bb7 5. O-O Be7 6. c4 O-O 7. Nc3 d5 8. cxd5 exd5 9. b3 c6 10. Bb2 Nbd7 11. Ne2 Qc7 12. Ng3 Rfe8 13. Ne5 c5 14.
Rc1 Rac8 15. f4 Ne4 16. Nxe4 dxe4 17. Bc4 Nxe5 18. fxe5 Rf8 19. Qh5 g6 20. Qh6 Rcd8 21. dxc5 bxc5 22. e6 f6 23. Bxf6 Rxf6 24. Rxf6 Bxf6 25.
e7+ Kh8 26. Qf8+ 1-0

[Event "Early-Titled-Tuesday-Blitz-October-24-2023"]
[Site "Chess.com"]
[Date "2023.10.24"]
[Round "1"]
[White "Korchmar_Vasiliy"]
[Black "Casper"]
[Result "0-1"]
[WhiteElo "2759"]
[BlackElo "2437"]
[TimeControl "180+1"]
[EndTime "8:04:46 PDT"]
[Termination "Casper won by resignation"]

1. e4 c5 2. d4 cxd4 3. Qxd4 Nc6 4. Qd3 g6 5. Nc3 Bg7 6. Nf3 d6 7. Be2 Nf6 8. O-O O-O 9. Nd5 Bg4 10. c3 Bxf3 11. Qxf3 e6 12. Nxf6+ Qxf6 13. Qg3 d5 14. exd5 exd5 15. Bf4 d4 16. c4 Rfe8 17. Bf3 d3 18. Rab1 Nd4 19. Rfd1 Ne2+ 20. Bxe2 dxe2 21. Re1 Rad8 22.
Be3 Qf5 23. Bxa7 Qxb1 0-1

[Event "Early-Titled-Tuesday-Blitz-October-24-2023"]
[Site "Chess.com"]
[Date "2023.10.24"]
[Round "1"]
[White "AryanTari"]
[Black "Predator0608"]
[Result "1-0"]
[WhiteElo "2946"]
[BlackElo "2500"]
[TimeControl "180+1"]
[EndTime "8:04:47 PDT"]
[Termination "AryanTari won by resignation"]

1. d4 d5 2. Nf3 Nf6 3. g3 Bf5 4.
c4 e6 5. Nc3 Be7 6. Qb3 Nc6 7. Bg2 dxc4 8. Qxc4 O-O 9. O-O Ne4 10.
Rd1 Nxc3 11. bxc3 Be4 12. Qb3 Bd5 13. Qc2 f5 14. h4 Bf6 15. Bf4 Na5 16. Re1 Nc4 17. e4 Bxe4 18. Rxe4 fxe4 19. Qxe4 Nd6 20. Qxe6+ Kh8 21. Ne5 Re8 22. Qxd6 Qxd6 23. Nf7+ Kg8 24.
Nxd6 cxd6 25. Bxb7 Rac8 26. Bxc8 1-0

[Event "Early-Titled-Tuesday-Blitz-October-24-2023"]
[Site "Chess.com"]
[Date "2023.10.24"]
[Round "1"]
[White "Alexei_Gubajdullin"]
[Black "tomesao"]
[Result "0-1"]
[WhiteElo "2747"]
[BlackElo "2429"]
[TimeControl "180+1"]
[EndTime "8:04:48 PDT"]
[Termination "tomesao won on time"]

1. d4 Nf6 2. Nf3 d5 3. Bf4 e6 4. e3 c5 5. Nbd2 Qb6 6. Rb1 Nc6 7. c3 cxd4 8. exd4 Bd7 9. Bd3 Be7 10. O-O Rc8 11. Ne5 Nxe5 12. dxe5 Ng8 13. Qg4 g6 14. h4 h5 15. Qg3 Nh6 16. Nf3 Nf5 17. Bxf5 exf5 18.
Bg5 Bc5 19. Bf6 Rg8 0-1

[Event "Early-Titled-Tuesday-Blitz-October-24-2023"]
[Site "Chess.com"]
[Date "2023.10.24"]
[Round "1"]
[White "Keeper0416"]
[Black "LuisFSiles"]
[Result "1-0"]
[WhiteElo "2589"]
[BlackElo "2261"]
[TimeControl "180+1"]
[EndTime "8:04:52 PDT"]
[Termination "Keeper0416 won by checkmate"]

1. d4 Nf6 2. c4 g6 3. Nc3 Bg7 4. e4 d6 5. Nf3 O-O 6. h3 c5 7. d5 e6 8. Bd3 Na6 9. O-O Nc7 10. Re1 exd5 11. cxd5 a6 12. a4 Rb8 13. a5 b5 14.
axb6 Rxb6 15. Nd2 Nb5 16. Nc4 Nxc3 17. bxc3 Rb8 18. Bf4 Ne8 19. e5 dxe5 20. Nxe5 Qxd5 21. Bc4 Qxd1 22. Raxd1 Be6 23. Bxe6 fxe6 24. Nd7 Bxc3 25.
Nxf8 Rb4 26. Nxe6 Bxe1 27. Rxe1 Nf6 28. Be3 c4 29. Bd4 Nd5 30. Ng5 Rb8 31. Re5 c3 32. Rxd5 c2 33. Be3 Rb1+ 34. Kh2 c1=Q 35. Bxc1 Rxc1 36. Rd8+ Kg7 37. f4 h6 38. Rd7+ Kf6 39. Rf7# 1-0